 Dungeon Crawl Stone Soup version 0.24.0-123-gd5b16e6ec5 (webtiles) character file.

Game seed: 11697618265754636268, levelgen mode: deterministic

16841 Delamore the Severer (level 12, -11/105 HPs)
             Began as a Formicid Fighter on Jan 7, 2020.
             Was the Champion of Okawaru.
             Mangled by an orc warlord
             ... wielding a +0 great mace
              (34 damage)
             ... on level 10 of the Dungeon.
             The game lasted 00:17:02 (14218 turns).

Delamore the Severer (Formicid Fighter)            Turns: 14218, Time: 00:17:03

Health: -11/105    AC: 11    Str: 29    XL:     12   Next: 75%
Magic:  11/12      EV: 12    Int:  7    God:    Okawaru [******]
Gold:   396        SH: 10    Dex: 10    Spells: 11/11 levels left

rFire    + . .     SeeInvis +   D - +1 war axe (freeze)
rCold    . . .     Gourm    .   c - +0 shield
rNeg     + . .     Faith    +   U - +5 ring mail of New Discoveries {-Cast +Blink rN+ MR+}
rPois    .         Spirit   .   (helmet unavailable)
rElec    .         Reflect  .   (no cloak)
rCorr    .         Harm     .   (no gloves)
MR       +++..     NoCast   +   n - +0 pair of boots
Stlth    ..........             y - amulet of faith
HPRegen  0.27/turn              I - +4 ring of evasion
MPRegen  0.13/turn              E - ring "Irphafuyr" {rF+ MR+ Int-3 Stlth-}

@: mighty
A: permanent stasis, dig shafts and tunnels, four strong arms, antennae 3
a: Dig, Shaft Self, Heroism, Finesse, Renounce Religion


You were on level 10 of the Dungeon.
You worshipped Okawaru.
Okawaru was exalted by your worship.
You were not hungry.

You visited 3 branches of the dungeon, and saw 13 of its levels.
You also visited: Ossuary.

You collected 637 gold pieces.
You spent 241 gold pieces at shops.

Inventory:

Hand Weapons
 q - the +5 spear "Xiotaruc" {speed, Str+3 Int+4}
   (You found it on level 6 of the Dungeon)

   Attacks with this weapon are significantly faster.
   It affects your strength (+3).
   It affects your intelligence (+4).
 D - a +1 war axe of freezing (weapon)
 V - a +1 battleaxe
Missiles
 R - 8 javelins (quivered)
Armour
 c - a +0 shield (worn)
 n - a +0 pair of boots (worn)
 H - a +1 plate armour of fire resistance
 U - the +5 ring mail of New Discoveries (worn) {-Cast +Blink rN+ MR+}
   (Okawaru gifted it to you on level 11 of the Dungeon)

   It protects you from negative energy.
   It affects your resistance to hostile enchantments.
   It lets you blink.
   It prevents spellcasting.
Jewellery
 b - an uncursed ring of ice
 y - an amulet of faith (around neck)
 E - the ring "Irphafuyr" (right hand) {rF+ MR+ Int-3 Stlth-}
   (You bought it in a shop on level 4 of the Dungeon)

   [ring of attention]

   It affects your intelligence (-3).
   It protects you from fire.
   It affects your resistance to hostile enchantments.
   It makes you less stealthy.
 I - a +4 ring of evasion (left hand)
 M - an uncursed amulet of rage {unknown}
 S - an uncursed ring of positive energy {unknown}
Wands
 p - a wand of enslavement (12)
 F - a wand of random effects (28)
 O - a wand of digging (6)
Scrolls
 a - 2 scrolls of enchant weapon {unknown}
 e - a scroll of acquirement {unknown}
 g - 6 scrolls of teleportation {unknown}
 h - 4 scrolls of remove curse
 i - 2 scrolls of random uselessness {unknown}
 o - a scroll of fear {unknown}
 u - 4 scrolls of magic mapping
 G - 2 scrolls of identify
 J - 3 scrolls of vulnerability {unknown}
 K - a scroll of enchant armour
 L - a scroll of amnesia
 N - a scroll of summoning {unknown}
 P - a scroll of immolation {unknown}
 Q - 2 scrolls of blinking {unknown}
Potions
 d - 2 potions of might
 j - 2 potions of degeneration
 k - a potion of resistance
 l - a potion of ambrosia
 m - a potion of heal wounds
 r - a potion of magic
 s - a potion of haste
 t - 4 potions of curing
 v - a potion of cancellation
 w - 4 potions of flight
 x - a potion of mutation
 z - 2 potions of brilliance
 A - 3 potions of agility
 C - a potion of lignification
Comestibles
 f - 8 rations


   Skills:
 + Level 13.1 Fighting
 + Level 15.3 Axes
 - Level 3.2 Armour
 - Level 3.6 Shields


You had 11 spell levels left.
You didn't know any spells.
Your spell library contained the following spells:

 Spells                   Type           Power        Failure   Level  Hunger
 Confusing Touch          Hex            #.....       91%         1    ##.....
 Confuse                  Hex            #.......     99%         3    ####...
 Gell's Gravitas          Tloc           #.........   99%         3    ####...
 Petrify                  Tmut/Erth      #.......     100%        4    #####..
 Metabolic Englaciation   Hex/Ice        #.........   100%        5    ######.
 Yara's Violent Unravell  Hex/Tmut       #.........   100%        5    ######.


Dungeon Overview and Level Annotations

Branches:
Dungeon (11/15)            Temple (1/1) D:4            Lair (0/6) D:11
    Orc (1/2) D:10        Ossuary (visited)

Altars:
Ashenzari
Cheibriados
Dithmenos
Elyvilon
Fedhas
Hepliaklqana
Kikubaaqudgha
Makhleb
Okawaru
Qazlal
Ru
Trog
Uskayaw
Vehumet
Wu Jian
Xom
Yredelemnul
Zin
The Shining One
Beogh

Shops:
D:4 *   D:8 !


Innate Abilities, Weirdness & Mutations

You cannot be hasted, slowed, berserked, paralysed or teleported.
You can dig through walls and to a lower floor.
Your four strong arms can wield two-handed weapons with a shield.
You have a pair of large antennae on your head. (SInv)


Message History

The orc warrior hits you with a +0 flail!
Your shield prevents you from hitting the orc warlord.
The orc warlord is heavily wounded.
You slash the orc warrior! You freeze the orc warrior.
You kill the orc warrior!
Okawaru accepts your kill.
You slash the troll! You freeze the troll. You block the troll's attack. x2
The troll closely misses you.
You hit the orc warlord. You freeze the orc warlord.
The orc warlord is heavily wounded.
You slash the troll! You freeze the troll.
You kill the troll!
Okawaru accepts your kill.
The orc warlord hits you with a +0 great mace!
* * * LOW HITPOINT WARNING * * *
Okay, then.
You hit the orc warlord but do no damage.
The orc warlord is heavily wounded.
The orc warlord hits you with a +0 great mace!!
You die...

#####.#######.# #.# ##.####
#.# #.# ##.....# ##.# #.#
###..#...# #..#######.######
....###..####..............#
###..#......#########.####.#
##.........###### #.# #.#
#######.....#8#.).# #.#
##.######
...[))........')@o# #.#
#........
#)#####......8#)))# #.#
#..###### .#.##
#.....####### #.# #........
..#.###....## #.# ##.##....
#.##[##....# #.# #..##.###
(.......#.## #.# #.###.# #
#.##.##.### #.# #.# #.###
..#.###.# #.# #.# #....
....# #### #.# #.#####.#


You could see an orc warlord.

Vanquished Creatures
  Gastronok (D:10)
  Fannar (D:11)
  2 two-headed ogres
  An orc knight (D:10)
  Pikel (D:7)
  A deep elf mage (D:11)
  2 cyclopes (D:11)
  Psyche (D:8)
  A gargoyle (D:11)
  Joseph (D:8)
  A komodo dragon (D:11)
  4 trolls
  A hornet (D:10)
  5 hippogriffs
  2 wyverns
  4 yaks (D:10)
  2 hungry ghosts
  Menkaure (D:7)
  An acid dragon (D:11)
  A water moccasin (D:6)
  An ice beast (D:6)
  17 orc warriors
  2 black bears
  2 necrophages (D:11)
  A phantom (D:6)
  A sky beast (D:10)
  4 ogres
  6 centaurs
  2 big kobolds
  2 crocodiles
  A bullfrog (D:10)
  A gnoll sergeant (D:11)
  2 wyvern skeletons
  12 scorpions (Ossuary)
  4 wights (D:11)
  3 howler monkeys
  A bullfrog zombie (D:5)
  7 crimson imps
  3 centaur zombies
  2 human zombies
  12 orc wizards
  A gnoll shaman (D:6)
  7 hounds
  8 orc priests
  Terence (D:3)
  9 iguanas
  10 worker ants
  2 big kobold zombies (Ossuary)
  2 hound zombies
  2 hound skeletons
  A worker ant zombie (D:5)
  3 mummies (Ossuary)
  A howler monkey skeleton (D:4)
  3 gnolls (D:11)
  6 adders
  4 scorpion zombies (Ossuary)
  5 shadow imps
  An ooze (D:6)
  An adder skeleton (D:6)
  4 worms
  A dart slug (D:1)
  3 leopard geckos
  56 orcs
  A ball python (D:1)
  10 bats
  8 giant cockroaches
  8 goblins
  3 hobgoblins
  13 jackals
  7 quokkas
  9 frilled lizards
  A goblin zombie (Ossuary)
  A hobgoblin zombie (Ossuary)
  A jackal zombie (D:6)
  14 kobolds
  3 kobold zombies (Ossuary)
  5 orc zombies (Ossuary)
  2 quokka skeletons
  A quokka zombie (D:5)
  8 rats
346 creatures vanquished.

Vanquished Creatures (others)
  A howler monkey zombie (D:7)
  A plant (D:11)
2 creatures vanquished.

Grand Total: 348 creatures vanquished

Notes
Turn   | Place    | Note
-------+----------+-------------------------------------------
     0 | D:1      | Delamore the Formicid Fighter began the quest for the Orb.
     0 | D:1      | Reached XP level 1. HP: 18/18 MP: 1/1
   201 | D:1      | Reached XP level 2. HP: 23/24 MP: 2/2
   266 | D:1      | Reached skill level 3 in Axes
   346 | D:1      | Reached XP level 3. HP: 25/29 MP: 3/3
   681 | D:2      | Reached skill level 4 in Axes
   681 | D:2      | Reached XP level 4. HP: 27/35 MP: 4/4
   747 | D:2      | Found a bloodstained altar of Trog.
  1226 | D:2      | Found a sacrificial altar of Ru.
  1306 | D:3      | Found a radiant altar of Vehumet.
  1315 | D:3      | Found a burning altar of Makhleb.
  1456 | D:3      | Reached skill level 5 in Axes
  1456 | D:3      | Reached XP level 5. HP: 19/41 MP: 5/5
  2513 | D:3      | Found a basalt altar of Yredelemnul.
  2516 | D:3      | Noticed Terence
  2553 | D:3      | Killed Terence
  2553 | D:3      | Reached XP level 6. HP: 42/47 MP: 6/6
  2722 | D:3      | Reached skill level 6 in Axes
  3070 | D:4      | Found a staircase to the Ecumenical Temple.
  3143 | Temple   | Entered the Ecumenical Temple
  3184 | Temple   | Became a worshipper of Warmaster Okawaru
  3293 | D:4      | Reached skill level 7 in Axes
  3293 | D:4      | Reached XP level 7. HP: 16/52 MP: 7/7
  3568 | D:4      | Found Vanlyo's General Store.
  3661 | D:4      | Bought the ring "Irphafuyr" {rF+ MR+ Int-3 Stlth-} for 228
                  | gold pieces
  3845 | D:5      | Entered Level 5 of the Dungeon
  3894 | D:5      | Noticed a hippogriff
  3906 | D:5      | Killed a hippogriff
  3906 | D:5      | Reached * piety under Okawaru
  3906 | D:5      | Reached skill level 8 in Axes
  3932 | D:5      | Reached XP level 8. HP: 29/58 MP: 8/8
  3945 | D:5      | Found a glowing golden altar of the Shining One.
  3977 | D:5      | Found a sand-covered staircase.
  4003 | Ossuary  | Entered an ossuary
  4175 | Ossuary  | Reached skill level 9 in Axes
  4552 | Ossuary  | Reached ** piety under Okawaru
  4586 | Ossuary  | Reached skill level 10 in Axes
  4969 | Ossuary  | Reached XP level 9. HP: 64/64 MP: 9/9
  5754 | D:5      | Reached skill level 11 in Axes
  5775 | D:5      | Reached *** piety under Okawaru
  6094 | D:6      | Got a crude spear
  6095 | D:6      | Identified the +5 spear "Xiotaruc" {speed, Str+3 Int+4}
                  | (You found it on level 6 of the Dungeon)
  6186 | D:6      | Reached skill level 5 in Fighting
  6484 | D:6      | Received a gift from Okawaru
  6577 | D:6      | Found a blossoming altar of Fedhas.
  7237 | D:7      | Noticed Menkaure
  7393 | D:7      | Killed Menkaure
  7393 | D:7      | Reached XP level 10. HP: 77/77 MP: 10/10
  7436 | D:7      | Reached **** piety under Okawaru
  7443 | D:7      | Reached skill level 12 in Axes
  7838 | D:7      | Noticed Pikel
  7852 | D:7      | Killed Pikel
  8259 | D:8      | Found Qiazuz's Distillery.
  8259 | D:8      | Noticed Psyche
  8266 | D:8      | Killed Psyche
  8286 | D:8      | Bought a potion of degeneration for 13 gold pieces
  8378 | D:8      | Noticed Joseph
  8391 | D:8      | Killed Joseph
  8857 | D:8      | Reached ***** piety under Okawaru
  9045 | D:8      | Reached skill level 13 in Axes
 10017 | D:9      | Reached XP level 11. HP: 89/89 MP: 11/11
 10523 | D:10     | Entered Level 10 of the Dungeon
 10651 | D:10     | Found a staircase to the Orcish Mines.
 10801 | D:10     | Reached skill level 10 in Fighting
 10817 | D:10     | Received a gift from Okawaru
 11044 | D:10     | Got an ancient scale mail
 11055 | D:10     | Identified the +4 scale mail of the Armoured One {rElec
                  | Dex+2} (You found it on level 10 of the Dungeon)
 11103 | D:10     | Noticed Gastronok
 11133 | D:10     | Killed Gastronok
 11133 | D:10     | Reached ****** piety under Okawaru
 11133 | D:10     | Reached skill level 14 in Axes
 11381 | D:10     | Received a gift from Okawaru
 11382 | D:10     | Got a distressingly furry animal skin {god gift}
 11393 | D:10     | Identified the +0 animal skin of Cefuatze {Dex+9} (Okawaru
                  | gifted it to you on level 10 of the Dungeon)
 11630 | D:11     | Noticed a cyclops
 11636 | D:11     | Killed a cyclops
 12217 | D:11     | Noticed Fannar
 12431 | D:11     | Killed Fannar
 12431 | D:11     | Reached XP level 12. HP: 92/102 MP: 9/12
 12654 | D:11     | HP: 5/102 [orc warrior/+0 halberd (9)]
 12764 | D:11     | Found a roughly hewn altar of Beogh.
 13019 | D:11     | Received a gift from Okawaru
 13020 | D:11     | Got a bloodstained ring mail {god gift}
 13031 | D:11     | Identified the +5 ring mail of New Discoveries {-Cast
                  | +Blink rN+ MR+} (Okawaru gifted it to you on level 11 of
                  | the Dungeon)
 13077 | D:11     | Reached skill level 15 in Axes
 13303 | D:11     | Found a bloodstained altar of Trog.
 13311 | D:11     | Noticed a two-headed ogre
 13323 | D:11     | Killed a two-headed ogre
 13650 | D:11     | Found a staircase to the Lair.
 13907 | Orc:1    | Entered Level 1 of the Orcish Mines
 13914 | Orc:1    | Noticed an orc warlord
 13914 | Orc:1    | Noticed a two-headed ogre
 13928 | Orc:1    | Noticed a sixfirhy
 13938 | D:10     | Killed a two-headed ogre
 14218 | D:10     | Mangled by an orc warlord

Levels and vault maps discovered:
D:1:      psy_arrival_radial01, layout_rooms, hangedman_decor_growths,
          minmay_lizard_pond
D:2:      cheibrodos_old_hovel, layout_basic, overflow_temple_1_default,
          hangedman_ru_absence, first_ration, serial_bayou_pond_c,
          minmay_misc_feat_more_columns, grunt_ministairs_11, minmay_tromino_i4
D:3:      layout_loops_corners, vehumet_crystals, bloody_makhleb,
          old_standard_altar, uniq_terence
D:4:      layout_basic, minmay_temple_entry_slanted, serial_shops,
          nicolae_shop_waterfront
D:5:      layout_layer_cave, tso_oasis_becter, enter_ossuary_3
D:6:      minmay_inner_zag, layout_layer_cave, supply_closet_lemuel,
          fedhas_altar_fruit_tree
D:7:      layout_loops_ring, uniq_menkaure, uniq_pikel
D:8:      layout_layer_cave, serial_shops, shop_fountains, uniq_psyche,
          uniq_joseph
D:9:      layout_loops_corners
D:10:     layout_loops_ring, hiddenorc1_lemuel, uniq_gastronok
D:11:     layout_loops_corners, david_lair_shrubbed, basic_altar, special_room
          [special_room_orc], uniq_fannar
Temple:   kb_temple_of_zot
Orc:1:    layout_caves

Skill      XL: |  1  2  3  4  5  6  7  8  9 10 11 12 |
---------------+-------------------------------------+-----
Axes           | 3 4 5 7 8 10 11 13 14 15 | 15.3
Fighting       | 6 9 11 13 | 13.1
Armour         | |  3.2
Shields        | |  3.6

Action                   |  1- 3 |  4- 6 |  7- 9 | 10-12 || total
-------------------------+-------+-------+-------+-------++-------
Melee: War axe           |    86 |    24 |   313 |   646 ||  1069
       Hand axe          |       |   223 |       |       ||   223
Throw: Boomerang         |       |       |     2 |    15 ||    17
       Javelin           |       |       |       |     1 ||     1
Invok: Heroism           |       |       |       |     7 ||     7
  Use: Scroll            |       |     2 |     6 |     6 ||    14
       Potion            |       |       |     3 |     4 ||     7
  Eat: Chunk             |       |     8 |     9 |    21 ||    38
       Ration            |       |       |     1 |     2 ||     3
Armor: Scale mail        |    29 |    74 |    63 |    55 ||   221
       Plate armour      |       |       |     6 |   107 ||   113
       Ring mail         |       |       |       |    13 ||    13
Dodge: Dodged            |    43 |    87 |   108 |   211 ||   449
Block: Shield            |    36 |   129 |   126 |   255 ||   546
